Map: King's Cove LE

Players

Arcane

  • Race: Protoss Protoss
  • League: Diamond
  • Spawn Location: 5:00

GritBear - Winner!

  • Race: Zerg Zerg
  • League: Diamond
  • Spawn Location: 11:00

VOD

Have the link to the VOD?

Description

Time

  • Played on: April 20, 2019, 2:48 p.m.
  • Length: 12:03
Show
View Real Time Build Order
Export as new Build Order

Arcane Protoss 

Build Orders: 1 Gate Expand, Archon Immortal 

Get SALT Encoding   

  12  0:00  Probe  
  13  0:13  Probe  
  14  0:20  Pylon  
  14  0:25  Probe  
  15  0:37  Probe  
  15  0:41  Gateway  
  16  0:45  Probe  
  17  0:53  Probe  
  18  0:57  Assimilator  
  18  1:04  Probe  
  19  1:16  Probe  
  20  1:29  Nexus  
  20  1:34  Probe  
  21  1:41  Cybernetics Core  
  21  1:46  Probe  
  22  1:51  Assimilator  
  22  1:57  Pylon  
  22  2:00  Probe  
  23  2:08  Adept  
  23  2:15  Probe  
  23  2:19  Warp Gate  
  26  2:28  Probe  
  27  2:40  Probe  
  27  2:41  Adept  
  27  2:43  Gateway  
  30  2:45  Pylon  
  30  2:47  Probe  
  31  2:54  Probe  
  31  2:56  Shield Battery  
  32  2:59  Probe  
  32  3:02  Probe  
  33  3:08  Probe  
  33  3:10  Probe  
  33  3:12  Sentry  
  38  3:30  Probe x2  
  38  3:33  Pylon  
  40  3:37  Assimilator  
  40  3:43  Probe x2, Robotics Facility  
  40  3:46  Twilight Council  
  42  3:53  Probe x2  
  44  4:01  Probe x2  
  46  4:10  Adept x2  
  50  4:23  Probe x2  
  52  4:30  Immortal  
  50  4:34  Charge, Nexus  
  50  4:35  Probe x2  
  50  4:37  Pylon x2  
  56  4:48  Probe x2  
  58  4:54  Assimilator  
  58  5:05  Observer  
  59  5:07  Probe x2  
  59  5:11  Adept x2  
  65  5:19  Probe x2  
  67  5:24  Gateway  
  67  5:25  Gateway  
  67  5:26  Forge  
  71  5:33  Probe x2  
  73  5:35  Warp Prism  
  73  5:39  Pylon  
  71  5:47  Probe x2, Templar Archives  
  71  5:48  Probe  
  74  5:52  Stalker x2  
  78  6:02  Probe x3  
  78  6:04  Protoss Ground Weapons Level 1  
  81  6:14  Pylon  
  81  6:23  Zealot  
  83  6:27  Gateway  
  83  6:28  Gateway  
  83  6:30  Probe x3, Pylon  
  83  6:32  Pylon  
  86  6:33  Stalker x3  
  92  6:46  Photon Cannon  
  92  6:49  Photon Cannon, Shield Battery  
  92  6:51  Pylon, Shield Battery  
  92  6:53  Photon Cannon  
  92  6:54  Probe x3, Shield Battery  
  92  6:57  Pylon  
  95  7:02  High Templar x3  
  95  7:03  High Templar  
  95  7:06  Observer, Archon  
  95  7:07  Archon  
  104  7:27  Observer  
  99  7:41  High Templar x4  
  99  7:42  Probe  
  99  7:43  Probe x2  
  100  7:45  Assimilator  
  100  7:47  Assimilator, Immortal  
  84  8:01  Archon x2  
  84  8:06  Zealot x2  
  84  8:10  Gateway  
  84  8:11  Gateway  
  88  8:13  Gateway  
  88  8:15  Gateway  
  88  8:19  Pylon, Gateway  
  88  8:20  Protoss Ground Weapons Level 2  
  88  8:21  Pylon  
  88  8:22  Photon Cannon  
  88  8:31  Robotics Facility  
  88  8:34  Pylon  
  88  8:35  Probe x3  
  88  8:38  Zealot x3  
  88  8:39  Stalker x2  
  88  8:40  Stalker  
  86  8:58  Immortal  
  85  9:06  Zealot x6  
  57  9:31  Zealot x9  
  57  9:32  Zealot  
  71  9:42  Immortal  
  67  9:46  Cybernetics Core  
  67  9:49  Pylon  
  59  9:57  Nexus  
  59  9:59  Pylon  
  55  10:01  High Templar x3  
  55  10:02  High Templar, Pylon  
  55  10:03  Zealot x6  
  55  10:05  Assimilator  
  71  10:09  Immortal  
  71  10:10  Assimilator, Archon x2  
  62  10:30  Zealot x5  
  68  10:39  Zealot  
  68  10:40  Zealot x2  
  52  10:52  High Templar x6  
  56  10:57  Archon x3  
  52  11:07  Immortal  
  43  11:26  Probe  
  43  11:27  Probe x2  
  43  11:29  Probe  
  47  11:35  Probe x3  
  47  11:37  Probe  
  50  11:43  Probe x2  
  50  11:44  Pylon  
Show
View Real Time Build Order
Export as new Build Order

GritBear Zerg - Winner!

Build Orders: Hatch First 

Get SALT Encoding   

  12  0:01  Drone  
  13  0:12  Overlord  
  13  0:18  Drone  
  14  0:30  Drone x2  
  14  0:34  Drone  
  17  0:50  Drone  
  18  0:58  Hatchery  
  18  1:01  Drone  
  18  1:04  Extractor  
  17  1:16  Spawning Pool  
  16  1:18  Drone  
  16  1:23  Drone  
  18  1:30  Drone  
  19  1:41  Drone  
  20  1:49  Overlord  
  20  2:03  Zergling x2  
  20  2:07  Queen  
  23  2:10  Zergling x2  
  23  2:12  Metabolic Boost  
  23  2:13  Queen  
  26  2:15  Drone  
  26  2:22  Drone x2  
  29  2:33  Drone x2  
  31  2:47  Hatchery  
  30  2:54  Overlord  
  30  2:58  Drone x2  
  32  3:03  Zergling x2  
  33  3:06  Drone x2  
  35  3:15  Drone x2  
  37  3:29  Overlord  
  37  3:30  Drone x5  
  42  3:34  Drone  
  42  3:37  Lair  
  42  3:38  Drone  
  44  3:46  Overlord  
  44  3:51  Extractor x2, Drone  
  44  3:53  Evolution Chamber  
  41  3:56  Drone  
  41  4:01  Drone  
  43  4:03  Queen  
  43  4:05  Drone x4  
  49  4:14  Roach Warren  
  48  4:18  Zergling x4  
  48  4:22  Overlord, Drone x2  
  48  4:23  Drone x3  
  53  4:33  Zerg Ground Armor Level 1  
  53  4:36  Drone x4  
  53  4:37  Drone  
  58  4:48  Spire  
  58  4:51  Drone  
  58  4:52  Drone x3  
  61  4:54  Extractor  
  61  4:56  Extractor  
  59  5:00  Extractor  
  59  5:01  Drone x4  
  59  5:02  Drone  
  63  5:17  Drone x2  
  63  5:18  Overlord x3  
  65  5:26  Glial Reconstitution  
  65  5:37  Drone x3  
  65  5:38  Drone x7  
  65  5:40  Overlord x2  
  75  5:50  Roach x2  
  75  5:51  Roach  
  81  6:02  Mutalisk  
  81  6:03  Mutalisk x3  
  89  6:07  Mutalisk  
  89  6:08  Mutalisk  
  89  6:10  Hatchery  
  92  6:12  Mutalisk  
  92  6:13  Mutalisk  
  96  6:19  Queen  
  96  6:25  Roach x3  
  104  6:27  Zerg Missile Weapons Level 1  
  104  6:35  Overlord x2  
  104  6:42  Baneling Nest  
  103  6:52  Roach  
  105  7:01  Roach x2  
  105  7:02  Roach x6  
  105  7:03  Overlord  
  105  7:04  Overlord x2  
  116  7:34  Roach x7  
  116  7:35  Roach x3  
  125  7:41  Roach x5  
  116  7:44  Roach  
  116  7:50  Drone x2  
  109  7:53  Drone  
  109  7:57  Queen, Drone x2  
  112  7:58  Queen  
  112  8:01  Mutalisk x2  
  119  8:05  Drone  
  119  8:11  Drone x2  
  121  8:20  Ravager x6  
  121  8:21  Ravager x6  
  133  8:32  Drone x4  
  133  8:33  Overlord x2, Drone x3  
  133  8:34  Overlord x2  
  140  8:37  Zerg Missile Weapons Level 2  
  129  9:01  Roach x8  
  129  9:02  Roach x6  
  155  9:06  Overlord x2  
  155  9:07  Overlord  
  152  9:23  Roach x6  
  152  9:24  Roach x3  
  151  9:31  Roach x2  
  151  9:32  Roach x2  
  148  9:40  Roach x6  
  148  9:41  Roach  
  140  9:47  Drone x2  
  140  9:48  Drone  
  140  9:49  Infestation Pit  
  136  9:59  Zergling x16  
  140  10:07  Zergling x6  
  140  10:08  Zergling x2  
  142  10:24  Drone x8  
  142  10:25  Overlord x3  
  142  10:26  Drone x2  
  142  10:27  Drone x2  
  142  10:28  Drone x2  
  140  10:37  Roach x3  
  140  10:40  Zergling x2  
  140  10:45  Extractor x2  
  140  10:46  Hive  
  140  10:49  Zergling x8  
  137  10:50  Zergling x4  
  137  11:00  Roach x3  
  137  11:01  Roach x3  
  147  11:06  Drone x5  
  140  11:12  Overlord x2  
  140  11:13  Evolution Chamber  
  133  11:20  Roach x4  
  133  11:21  Roach  
  141  11:32  Ravager x8  
  151  11:33  Ravager x2  
  151  11:35  Zergling x2  
  151  11:36  Zergling x16  
  160  11:41  Drone x3  
  163  11:57  Hatchery  
Tags
 
Add a new tag
Caveats
  • Supply blocks, unpowered buildings, or Contaminate may cause inaccurate times.
  • Supply counts are checked every 10 seconds.